AoeStats
← BigOleGiraffe

Arabia

510906989Analyzed
2v2 RM · 17h ago on Oct 3, 2026· 71m 53s· 4 players
Game mode
Random Map
Map size
Medium (4 player)
Population
200
Speed
Normal
Resources
Standard
Victory
Conquest
Starting age
Dark Age
Ending age
Imperial Age
RankedLock teamsTeams togetherTeam positionsShared explorationLock speedFull tech treeHidden civsTurbo modeCheats
Victory
Defeat
🇨🇦 Danes · Canada
1094
+15
🇨🇦 Varangians · Canada
1087
+15
🇵🇪 Franks · Peru
1064
-15
🇵🇪 Britons · Peru
1063
-15
El Doctor Chapatín
2:34 Loom
10:43 Feudal Age
11:38 Double-Bit Axe
19:42 Horse Collar
22:39 Castle Age
20:56 Fletching
21:06 Padded Archer Armor
22:07 Padded Archer Armor
22:58 Crossbowman
23:57 Squires
23:29 Pikeman
26:41 Leather Archer Armor
29:37 Ballistics
31:02 Bodkin Arrow
36:55 Imperial Age
37:06 Arbalester
40:15 Bow Saw
42:06 Two-Man Saw
41:31 Heavy Plow
41:59 Conscription
41:43 Husbandry
44:00 Wheelbarrow
45:05 Ring Archer Armor
44:35 Bracer
45:39 Hand Cart
46:03 Bracer
46:13 Forging
46:10 Scale Barding Armor
47:46 Chemistry
49:18 Cavalier
51:56 Light Cavalry
58:21 Chain Barding Armor
58:37 Iron Casting
58:32 Caravan
59:02 Coinage
58:42 Guilds
64:26 Elite Skirmisher
GreyWorm
9:31 Loom
12:13 Feudal Age
12:56 Double-Bit Axe
15:38 Castle Age
23:06 Husbandry
23:41 Double-Bit Axe
26:10 Wheelbarrow
26:20 Gold Mining
27:24 Scale Barding Armor
30:48 Chain Barding Armor
34:19 Imperial Age
32:12 Town Watch
34:34 Cavalier
36:34 Bow Saw
37:09 Forging
38:53 Gold Shaft Mining
39:25 Plate Barding Armor
42:50 Iron Casting
43:30 Conscription
43:50 Hand Cart
46:25 Blast Furnace
45:53 Scale Mail Armor
46:13 Herbal Medicine
47:41 Squires
48:04 Paladin
49:14 Chain Mail Armor
51:33 Chemistry
50:49 Town Patrol
52:49 Fletching
58:47 Fortified Wall
59:35 Bodkin Arrow
61:49 Caravan
62:39 Siege Engineers
63:03 Light Cavalry
BigOleGiraffe
1:45 Loom
7:20 Loom
9:45 Feudal Age
11:36 Double-Bit Axe
13:03 Bloodlines
18:17 Horse Collar
23:02 Castle Age
22:00 Fletching
22:45 Padded Archer Armor
22:52 Gold Mining
23:57 Bodkin Arrow
24:16 Bow Saw
25:37 Leather Archer Armor
27:11 Wheelbarrow
26:10 Elite Skirmisher
29:19 Ballistics
30:03 Heavy Plow
39:32 Imperial Age
38:45 Hand Cart
38:15 Town Watch
40:20 Bracer
39:42 Cranequins
41:12 Ring Archer Armor
43:12 Chemistry
42:34 Heavy Mounted Crossbowman
43:45 Husbandry
49:44 Crop Rotation
52:51 Forging
52:41 Scale Mail Armor
54:08 Two-Man Saw
54:10 Iron Casting
53:50 Pikeman
54:31 Squires
54:16 Gambesons
54:19 Arson
55:07 Chain Mail Armor
54:43 Halberdier
62:51 Blast Furnace
62:21 Plate Mail Armor
64:46 Elite Varangian Guard
65:53 Capped Ram
67:22 Siege Ram
vince.dion123
6:11 Loom
11:31 Feudal Age
15:50 Castle Age
15:21 Double-Bit Axe
15:17 Horse Collar
24:08 Town Watch
28:53 Bow Saw
29:41 Fletching
33:42 Imperial Age
32:06 Stone Mining
32:50 Scale Mail Armor
33:01 Forging
33:48 Squires
33:34 Arson
34:05 Chain Mail Armor
35:15 Conscription
34:37 Hamask
37:31 Plate Mail Armor
37:58 Gold Mining
39:33 Iron Casting
39:56 Wheelbarrow
43:22 Blast Furnace
43:16 Ballistics
44:02 Stone Shaft Mining
43:57 Hand Cart
43:39 Onager
44:58 Elite Jomsviking
45:01 Northmen's Fury
47:15 Gold Shaft Mining
47:07 Siege Engineers
49:05 Heavy Plow
49:44 Hoardings
49:04 Siege Onager
54:12 Bodkin Arrow
55:36 Chemistry
58:28 Town Patrol
65:14 Bloodlines
65:04 Husbandry
70:47 Scale Barding Armor
70:46 Light Cavalry
Connection lost

Rejoining the realm…

Still unreachable

The connection could not be restored.

Session expired

The server has moved on; the page needs a fresh start.